Map: Abyssal Reef LE

Players

ShoWTimE

  • Race: Protoss Protoss
  • Spawn Location: 5:00

Kelazhur - Winner!

  • Race: Terran Terran
  • Spawn Location: 11:00

Event: WCS Jonkoping 2017

VOD

Have the link to the VOD?

Description

Time

  • Played on: June 17, 2017, 1:43 p.m.
  • Length: 9:41

All games in this series

Show
View Real Time Build Order
Export as new Build Order

ShoWTimE Protoss 

Build Orders: Oracle Opening, Phoenix Opening 

Get SALT Encoding   

  12  0:00  Probe (Chrono Boost)  
  13  0:11  Probe (Chrono Boost)  
  14  0:17  Pylon  
  14  0:22  Probe (Chrono Boost)  
  16  0:35  Probe (Chrono Boost)  
  16  0:36  Gateway  
  16  0:42  Assimilator  
  16  0:46  Probe (Chrono Boost)  
  17  0:56  Probe (Chrono Boost)  
  18  1:07  Probe (Chrono Boost)  
  19  1:18  Probe (Chrono Boost)  
  20  1:22  Pylon  
  20  1:25  Cybernetics Core  
  20  1:27  Zealot (Chrono Boost)  
  20  1:28  Probe  
  23  1:33  Assimilator  
  23  1:40  Probe  
  24  1:53  Probe  
  27  2:01  Adept (Chrono Boost)  
  27  2:02  Pylon  
  27  2:03  Warp Gate  
  27  2:05  Probe  
  27  2:17  Probe  
  27  2:23  Stargate  
  27  2:27  Adept (Chrono Boost)  
  28  2:32  Probe  
  29  2:44  Probe (Chrono Boost)  
  30  3:05  Probe (Chrono Boost)  
  31  3:06  Oracle (Chrono Boost)  
  33  3:15  Nexus  
  33  3:18  Probe  
  34  3:24  Pylon  
  34  3:30  Probe  
  35  3:39  Gateway  
  35  3:47  Gateway  
  35  3:49  Probe  
  36  3:58  Phoenix (Chrono Boost)  
  36  4:01  Probe  
  39  4:13  Probe  
  40  4:19  Phoenix (Chrono Boost)  
  42  4:25  Probe  
  42  4:26  Probe  
  44  4:34  Adept  
  46  4:41  Phoenix (Chrono Boost)  
  46  4:46  Stalker  
  46  4:51  Stalker  
  47  4:55  Probe x2  
  49  5:02  Adept  
  49  5:06  Probe  
  51  5:07  Probe  
  53  5:16  Probe  
  53  5:19  Probe  
  53  5:20  Adept  
  57  5:27  Probe  
  55  5:31  Phoenix (Chrono Boost)  
  55  5:32  Probe  
  59  5:40  Probe, Pylon  
  60  5:47  Probe  
  61  5:50  Probe  
  62  5:59  Probe, Phoenix (Chrono Boost)  
  62  6:01  Probe  
  62  6:03  Pylon  
  66  6:11  Probe  
  66  6:12  Nexus  
  66  6:13  Probe  
  68  6:23  Mothership Core, Twilight Council  
  70  6:28  Probe  
  70  6:30  Forge  
  71  6:38  Probe  
  71  6:45  Probe  
  71  6:46  Assimilator  
  73  6:47  Assimilator  
  73  6:48  Phoenix (Chrono Boost)  
  73  6:49  Probe  
  73  6:52  Pylon  
  76  6:57  Probe  
  76  6:59  Probe  
  76  7:01  Adept  
  69  7:09  Probe  
  69  7:10  Probe  
  69  7:12  Cybernetics Core  
  54  7:16  Adept  
  54  7:20  Probe  
  54  7:21  Probe  
  55  7:24  Adept  
  55  7:27  Probe  
  50  7:32  Probe, Protoss Ground Weapons Level 1 (Chrono Boost)  
  50  7:33  Probe  
  48  7:37  Probe  
  48  7:44  Probe  
  48  7:46  Probe  
  48  7:49  Resonating Glaives (Chrono Boost)  
  48  7:51  Probe  
  50  7:56  Probe  
  50  7:58  Pylon, Probe  
  53  8:00  Mothership Core  
  55  8:08  Probe  
  55  8:10  Probe  
  57  8:16  Sentry  
  57  8:17  Sentry  
  61  8:20  Probe x2  
  61  8:22  Probe  
  61  8:25  Adept  
  66  8:30  Probe  
  66  8:32  Pylon, Probe  
  68  8:34  Probe  
  68  8:41  Probe  
  69  8:44  Probe  
  69  8:46  Probe  
  72  8:50  Gateway  
  72  8:51  Probe  
  72  8:54  Gateway  
  73  8:58  Gateway  
  73  8:59  Adept  
  75  9:10  Pylon  
  75  9:11  Adept x2  
  79  9:23  Adept  
  77  9:32  Adept x2  
Show
View Real Time Build Order
Export as new Build Order

Kelazhur Terran - Winner!

Build Orders: Cyclone Opening, MMM Bio 

Get SALT Encoding   

  12  0:00  SCV  
  13  0:12  SCV  
  14  0:18  Supply Depot  
  14  0:25  SCV  
  15  0:39  SCV  
  15  0:41  Barracks  
  16  0:46  Refinery  
  16  0:52  SCV  
  16  0:56  Refinery  
  17  1:04  SCV  
  18  1:16  SCV  
  19  1:28  Orbital Command, Reaper  
  19  1:32  Supply Depot  
  20  1:48  Factory  
  20  1:55  SCV  
  20  2:00  Reaper  
  22  2:07  SCV  
  24  2:22  SCV  
  24  2:32  Starport  
  24  2:33  Cyclone  
  24  2:34  Supply Depot  
  24  2:35  SCV  
  28  2:48  SCV  
  29  3:05  Cyclone  
  32  3:11  SCV  
  33  3:13  Starport Tech Lab  
  33  3:27  SCV, Command Center  
  34  3:37  Banshee  
  34  3:40  SCV  
  38  3:45  Supply Depot  
  38  3:54  SCV  
  39  4:07  Barracks  
  39  4:08  Barracks  
  39  4:09  SCV  
  40  4:10  Factory Reactor  
  40  4:22  SCV  
  40  4:23  Barracks Tech Lab  
  41  4:26  Engineering Bay  
  41  4:42  Orbital Command  
  36  4:45  Marine  
  36  4:46  Stimpack, Bunker  
  36  4:47  SCV  
  38  4:53  Terran Infantry Weapons Level 1  
  38  4:56  Missile Turret  
  38  4:58  Barracks Reactor  
  38  5:04  SCV, Marine  
  38  5:06  Marine x2, Factory Reactor  
  42  5:09  SCV  
  42  5:16  SCV  
  41  5:22  Marine  
  41  5:24  Marine x2  
  44  5:29  SCV  
  44  5:33  SCV  
  42  5:40  Marine x3  
  42  5:41  SCV  
  42  5:42  Marine x2  
  48  5:45  SCV  
  49  5:53  SCV, Supply Depot  
  49  5:55  Medivac x2  
  54  5:57  Marine, Factory Reactor  
  54  5:59  SCV  
  55  6:04  Marine x3  
  55  6:05  SCV  
  56  6:11  SCV  
  56  6:12  Marine  
  56  6:16  Marine  
  56  6:17  SCV  
  60  6:22  Marine  
  60  6:23  SCV, Marine  
  60  6:24  Marine, Supply Depot  
  64  6:29  SCV  
  65  6:35  SCV  
  65  6:36  Marine  
  65  6:39  Marine  
  65  6:45  Marine x2  
  65  6:46  SCV  
  65  6:50  Missile Turret  
  63  6:59  Combat Shields  
  62  7:06  SCV  
  60  7:11  SCV  
  60  7:12  Marine  
  60  7:13  Marine x3  
  65  7:20  SCV, Marine  
  67  7:23  SCV  
  68  7:32  SCV  
  68  7:34  Marine x4  
  68  7:35  SCV  
  68  7:36  Medivac  
  71  7:42  Widow Mine x2  
  71  7:44  SCV  
  71  7:47  SCV  
  71  7:50  Marine  
  74  7:51  Marine, Supply Depot  
  75  7:59  Medivac  
  75  8:00  Marine  
  78  8:09  Supply Depot  
  78  8:12  Marine x4, Medivac  
  78  8:13  SCV x2  
  85  8:22  Supply Depot  
  85  8:25  SCV  
  86  8:30  Widow Mine x2  
  86  8:31  SCV  
  86  8:32  Supply Depot  
  91  8:36  Command Center  
  91  8:41  Marine x3  
  91  8:44  Marine x2  
  95  8:56  Supply Depot  
  95  8:57  Barracks  
  95  8:58  SCV, Barracks  
  95  8:59  Marine x2  
  98  9:04  SCV  
  98  9:09  Supply Depot  
  99  9:13  Marine x2  
  99  9:16  Marine x2  
  102  9:19  Refinery  
  102  9:20  Refinery  
  102  9:22  Armory  
Tags
 
Add a new tag
Caveats
  • Supply blocks, unpowered buildings, or Contaminate may cause inaccurate times.
  • Supply counts are checked every 10 seconds.